 Dungeon Crawl Stone Soup version 0.18.1-48-g4cf74bf (webtiles) character file.

66252 GFox the Severer (level 14, -17/144 HPs)
             Began as a Minotaur Fighter on Aug 15, 2016.
             Was the Champion of Okawaru.
             Demolished by a stone giant (27 damage)
             ... on level 1 of the Depths on Aug 17, 2016.
             The game lasted 02:48:27 (19576 turns).

GFox the Severer (Minotaur Fighter)                Turns: 19576, Time: 02:48:31

Health: -17/144    AC: 29    Str: 27    XL:     14   Next: 78%
Magic:  13/13      EV: 16    Int:  5    God:    Okawaru [******]
Gold:   743        SH:  0    Dex: 11    Spells: 0 memorised, 13 levels left

rFire  . . .     SeeInvis .     a - +7 hand axe "Reuxeon" {pain, +Fly rC+ rN++}
rCold  + + .     Gourm    .     t - +3 scale mail {rN+}
rNeg   + + +     Faith    .     Y - +2 buckler {AC+3}
rPois  .         Spirit   .     (helmet unavailable)
rElec  +         Dismiss  .     d - +2 cloak {MR+}
rCorr  +         Reflect  .     p - +1 pair of gloves {archery}
SustAt .         Harm     .     w - +2 pair of boots {Stlth+}
MR     ++...     Clarity  +     O - amulet of Vitality {Regen+ HP+15}
Stlth  ++........ Rnd*Tele +    K - ring of resist corrosion
                                D - ring of stealth

@: confused, very resistant to hostile enchantments, unstealthy
A: retaliatory headbutt, claws 1, horns 3, icy blue scales 1, iridescent scales
1, agile 1, berserk 2, blink, clarity, cold resistance 1, electricity
resistance, teleportitis 1, subdued magic 2
a: Blink, Heroism, Finesse, Renounce Religion, Evoke Flight


You were on level 1 of the Depths.
You worshipped Okawaru.
Okawaru was exalted by your worship.
You were not hungry.

You visited 3 branches of the dungeon, and saw 18 of its levels.
You also visited: Ossuary.

You collected 1415 gold pieces.
You spent 672 gold pieces at shops.

Inventory:

Hand Weapons
 a - the +7 hand axe "Reuxeon" (weapon) {pain, +Fly rC+ rN++}
   (Okawaru gifted it to you on level 14 of the Dungeon)

   In the hands of one skilled in necromantic magic, it inflicts extra damage on
   living creatures.
   It protects you from cold.
   It greatly protects you from negative energy.
   It lets you fly.
Missiles
 C - 7 javelins of returning (quivered)
Armour
 b - a quicksilver dragon armour
 d - a +2 cloak of magic resistance (worn)
 p - a +1 pair of gloves of archery (worn)
 t - a +3 scale mail of positive energy (worn)
 w - a +2 pair of boots of stealth (worn)
 F - a +3 buckler of fire resistance
 Y - a +2 buckler of protection (worn)
Jewellery
 D - a ring of stealth (left hand)
 K - a ring of resist corrosion (right hand)
 O - the amulet of Vitality (around neck) {Regen+ HP+15}
   (You found it on level 10 of the Dungeon)

   [amulet of regeneration]

   It affects your health (+15).
   It increases your rate of regeneration.
Wands
 e - a wand of random effects (27/48)
 s - a wand of slowing (15/48)
 G - a wand of lightning (8/15)
 H - a wand of acid (6/15)
 J - a wand of confusion (30/48)
 L - a wand of teleportation (4/9)
 Q - a wand of heal wounds (3/9)
 R - a wand of lightning (8/15)
 U - a wand of iceblast (5/15)
Scrolls
 j - 6 scrolls of remove curse
 k - 4 scrolls of magic mapping
 n - a scroll of identify
 q - a scroll of fear
 u - 4 scrolls of recharging
 v - a scroll of blinking
 y - 5 scrolls of teleportation
 E - 2 scrolls of amnesia
 W - a scroll of brand weapon
Potions
 g - a potion of agility
 h - a potion of magic
 i - 3 potions of lignification
 l - 2 potions of brilliance
 m - 3 potions of berserk rage
 r - 3 potions of flight
 x - 2 potions of resistance
 A - 6 potions of curing
 B - 4 potions of haste
 I - a potion of cancellation
Miscellaneous
 N - a fan of gales
 P - a fan of gales
 V - a sack of spiders
Comestibles
 c - 4 chunks of flesh
 f - 10 bread rations
 o - 3 meat rations
 S - 3 beef jerkies
 T - 7 slices of pizza


   Skills:
 * Level 13.5 Fighting
   Level 3.1 Short Blades
 * Level 15.7 Axes
 * Level 11.9 Armour
 - Level 12.0 Dodging
 - Level 3.7 Stealth
 * Level 14.7 Shields


You had 13 spell levels left.
You didn't know any spells.

Dungeon Overview and Level Annotations

Branches:
Dungeon (15/15)            Temple (0/1) D:5            Lair (0/8) D:10
    Orc (2/2) D:12            Elf (0/3) Orc:2        Vaults (0/5) D:14
 Depths (1/5) D:15

Altars:
Ashenzari
Cheibriados
Fedhas
Gozag
Nemelex Xobeh
Okawaru
Pakellas
Qazlal
Sif Muna
Vehumet
Xom
Yredelemnul
Zin

Shops:
D:4 !   D:11 *   D:12 [([   Orc:2 (([((

Annotations:
D:13 Maurice


Innate Abilities, Weirdness & Mutations

You reflexively headbutt those who attack you in melee.
You have a pair of large horns on your head.
You have sharp fingernails.
You are partially covered in icy blue scales (AC +1).
You are partially covered in iridescent scales (AC +4).
You are agile. (Dex +2)
You often lose your temper in combat.
You can translocate small distances at will.
You possess an exceptional clarity of mind.
Your flesh is cold resistant.
You are resistant to electric shocks.
You are occasionally teleported next to monsters.
Your spells are easier to cast, but less powerful.


Message History

The stone giant is heavily wounded.
The stone giant hits you!
* * * LOW HITPOINT WARNING * * *
The tengu warrior hits you but does no damage.
The tengu warrior pecks you but does no damage.
The tengu warrior claws you.
* * * LOW HITPOINT WARNING * * *
Drink which item? (? for menu, Esc to quit)
You are confused.
You feel invigorated. The stone giant hits you!!
* * * LOW HITPOINT WARNING * * *
Zapping:
Q - a wand of heal wounds (will waste charges)
Press: ? - help, Shift-Dir - straight line, f - you Nothing appears to happen.
Evoking this partially-identified wand wasted a few charges.
The tengu warrior hits you but does no damage.
The tengu warrior pecks you but does no damage.
The tengu warrior claws you but does no damage.
The stone giant hits you!!
You die...

#..............#..
#.................
##................
#.................
#..........#......
##.....#.####......
#.......## ......
#.......# .....
......†@# .....
.......QC#
.......Q.#
..........
..###...... ..
#....... #........
..........


You could see a stone giant, a tengu warrior and a tengu conjurer.

Vanquished Creatures
  Frances (D:14)
  Maud (D:11)
  Nessos (D:13)
  Snorg (D:12)
  3 vault guards (D:14)
  An ice dragon (Depths:1)
  2 hydras (D:12)
  Harold (D:10)
  A catoblepas (D:14)
  2 death knights
  Erolcha (D:10)
  6 centaur warriors
  A tengu warrior (Depths:1)
  An orc high priest (Orc:2)
  Urug (D:10)
  A titan skeleton (Depths:1)
  3 skeletal warriors (D:12)
  3 unseen horrors
  6 hill giants
  2 orc knights
  2 wizards (D:14)
  A wolf spider zombie (D:15)
  Pikel (D:4)
  2 necromancers
  A shadow dragon skeleton (Depths:1)
  7 orc sorcerers
  14 ugly things
  A deep elf mage (D:15)
  4 cyclopes
  The ghost of mishamorgan the Destroyer, a novice HECj of Sif Muna (D:6)
  A naga mage (D:15)
  3 gargoyles
  The ghost of blejac99 the Grave Robber, a novice HuNe (D:5)
  A komodo dragon (D:13)
  A redback zombie (D:15)
  A yaktaur (D:14)
  6 trolls
  3 two-headed ogres
  2 hornet zombies (D:15)
  2 vampires (D:14)
  3 wraiths
  19 humans
  A shadow (D:15)
  4 wyverns
  A hippogriff (shapeshifter) (D:14)
  A hog (D:11)
  14 yaks
  4 hungry ghosts
  A basilisk (D:14)
  8 vampire mosquitoes
  3 hippogriffs
  A mottled dragon (D:15)
  A warg (Orc:1)
  The ghost of Bekkur the Bolt Thrower, an amateur KoAM (D:3)
  2 soldier ants
  A black bear (D:7)
  5 ice beasts
  6 sky beasts
  20 orc warriors
  2 eyes of draining
  A phantom (D:15)
  A wasp (D:11)
  A necrophage (D:14)
  10 ogres
  18 centaurs
  A crocodile (D:12)
  13 giant frogs
  An elf zombie (D:14)
  2 big kobolds
  A wyvern zombie (D:7)
  2 water moccasin zombies
  An elf skeleton (D:14)
  3 scorpions
  A wyvern skeleton (D:9)
  6 killer bees
  10 wights
  A tengu skeleton (Depths:1)
  6 howler monkeys
  A troll skeleton (D:14)
  8 crimson imps
  A wasp zombie (D:9)
  5 giant frog zombies
  2 quasits
  Crazy Yiuf (D:3)
  2 centaur zombies
  2 hounds
  2 human zombies (D:14)
  5 jellies
  25 orc priests
  A gnoll shaman (D:8)
  8 centaur skeletons
  2 giant frog skeletons
  A human skeleton (D:14)
  Natasha (twice) (D:3)
  37 orc wizards
  2 iguanas (D:7)
  8 worker ants
  2 sheep (D:11)
  A killer bee zombie (D:10)
  4 big kobold zombies (Ossuary)
  5 mummies
  A hound zombie (D:5)
  A hound skeleton (D:5)
  A worker ant zombie (D:11)
  7 gnolls
  13 adders
  3 shadow imps
  An ooze (D:1)
  6 adder zombies (Ossuary)
  3 adder skeletons
  6 worms
  A dart slug (D:2)
  2 giant geckos
  93 orcs
  6 giant cockroaches
  4 gnoll zombies (Ossuary)
  31 goblins
  28 hobgoblins
  5 jackals
  4 quokkas
  A ball python (D:2)
  16 bats
  3 giant newts
  10 hobgoblin zombies (Ossuary)
  10 kobolds
  9 kobold zombies (Ossuary)
  5 orc zombies (Ossuary)
  4 rats
672 creatures vanquished.

Vanquished Creatures (others)
  A scorpion (D:4)
  A hobgoblin (D:3)
  4 goblins (D:3)
  A jackal skeleton (D:4)
  2 fungi (D:8)
9 creatures vanquished.

Grand Total: 681 creatures vanquished

Notes
Turn   | Place    | Note
--------------------------------------------------------------
     0 | D:1      | GFox the Minotaur Fighter began the quest for the Orb.
     0 | D:1      | Reached XP level 1. HP: 19/19 MP: 0/0
   456 | D:1      | Found a sparkling altar of Nemelex Xobeh.
   464 | D:1      | Reached XP level 2. HP: 26/27 MP: 1/1
  1037 | D:2      | Reached XP level 3. HP: 24/33 MP: 2/2
  1175 | D:2      | Found a stormy altar of Qazlal.
  1177 | D:2      | Found an opulent altar of Gozag.
  1180 | D:2      | Found an iron altar of Okawaru.
  1184 | D:2      | Found a radiant altar of Vehumet.
  1189 | D:2      | Found a glowing silver altar of Zin.
  1194 | D:2      | Became a worshipper of Warmaster Okawaru
  1410 | D:2      | Reached XP level 4. HP: 41/41 MP: 3/3
  1630 | D:3      | Noticed Crazy Yiuf
  1636 | D:3      | Killed Crazy Yiuf
  1636 | D:3      | Reached skill level 3 in Axes
  1636 | D:3      | Reached skill level 1 in Dodging
  1693 | D:3      | Reached XP level 5. HP: 43/47 MP: 4/4
  1733 | D:3      | Reached skill level 5 in Fighting
  1840 | D:3      | Noticed Bekkur's ghost (amateur KoAM)
  1856 | D:3      | Gained mutation: You are partially covered in molten scales (AC +1). [potion of mutation]
  1856 | D:3      | Lost mutation: You are partially covered in molten scales (AC +1). [potion of mutation]
  1856 | D:3      | Gained mutation: You are partially covered in icy blue scales (AC +1). [potion of mutation]
  1869 | D:3      | Killed Bekkur's ghost
  1869 | D:3      | Reached * piety under Okawaru
  1869 | D:3      | Reached skill level 5 in Armour
  1869 | D:3      | Reached skill level 5 in Shields
  1869 | D:3      | Reached XP level 6. HP: 47/56 MP: 5/5
  1919 | D:3      | Noticed Natasha
  1925 | D:3      | Killed Natasha
  1934 | D:3      | Reached skill level 4 in Axes
  2188 | D:3      | Noticed Natasha
  2191 | D:3      | Killed Natasha
  2212 | D:3      | Found a faded altar to an unknown god.
  2651 | D:3      | Reached XP level 7. HP: 61/61 MP: 6/6
  3302 | D:4      | Noticed Pikel
  3320 | D:4      | Found a sand-covered staircase.
  3350 | D:4      | Killed Pikel
  3350 | D:4      | Reached ** piety under Okawaru
  3350 | D:4      | Reached skill level 5 in Axes
  3350 | D:4      | Reached XP level 8. HP: 22/70 MP: 7/7
  3574 | Ossuary  | Entered an ossuary
  3598 | Ossuary  | Reached skill level 6 in Axes
  3969 | D:4      | Found Nosaxyw's Distillery.
  4122 | D:4      | Bought a potion of beneficial mutation for 350 gold pieces
  4122 | D:4      | Gained mutation: You are resistant to hostile enchantments. [potion of beneficial mutation]
  4468 | D:5      | Entered Level 5 of the Dungeon
  4540 | D:5      | Found a shattered altar of Ashenzari.
  4543 | D:5      | Found a basalt altar of Yredelemnul.
  4548 | D:5      | Found an oddly glowing altar of Pakellas.
  4663 | D:5      | Noticed blejac99's ghost (novice HuNe)
  4705 | D:5      | Killed blejac99's ghost
  4705 | D:5      | Reached skill level 7 in Axes
  4957 | D:5      | Reached *** piety under Okawaru
  4974 | D:5      | Reached XP level 9. HP: 38/79 MP: 8/8
  5429 | D:5      | Found a staircase to the Ecumenical Temple.
  5876 | D:6      | Noticed mishamorgan's ghost (novice HECj)
  5884 | D:6      | Killed mishamorgan's ghost
  5884 | D:6      | Reached skill level 8 in Axes
  5884 | D:6      | Reached skill level 5 in Dodging
  6483 | D:7      | Reached **** piety under Okawaru
  6483 | D:7      | Received a gift from Okawaru
  6622 | D:7      | Identified a scroll of acquirement
  6772 | D:7      | Reached skill level 1 in Stealth
  6948 | D:7      | Found a shimmering altar of Xom.
  7102 | D:7      | Found a deep blue altar of Sif Muna.
  7500 | D:8      | Reached skill level 9 in Axes
  7530 | D:8      | Reached XP level 10. HP: 88/88 MP: 9/9
  7535 | D:8      | Reached skill level 10 in Shields
  7573 | D:8      | Found a blossoming altar of Fedhas.
  7875 | D:8      | Gained mutation: You are resistant to electric shocks. [mutagenic meat]
  7876 | D:8      | Gained mutation: Scrolls take you a little longer to read. [mutagenic meat]
  7877 | D:8      | Gained mutation: You have a pair of large horns on your head. [mutagenic meat]
  7878 | D:8      | Lost mutation: You have a pair of large horns on your head. [mutagenic meat]
  7879 | D:8      | Gained mutation: You are partially covered in iridescent scales (AC +4). [mutagenic meat]
  7907 | D:8      | Found a snail-covered altar of Cheibriados.
  8111 | D:8      | Identified the Guide on Intoxication and the Birds
  9041 | D:10     | Entered Level 10 of the Dungeon
  9131 | D:10     | Noticed Urug
  9141 | D:10     | Killed Urug
  9141 | D:10     | Reached ***** piety under Okawaru
  9141 | D:10     | Reached skill level 10 in Axes
  9250 | D:10     | Noticed a hill giant
  9265 | D:10     | Killed a hill giant
  9427 | D:10     | Found a staircase to the Lair.
  9429 | D:10     | Noticed Erolcha
  9438 | D:10     | Killed Erolcha
  9438 | D:10     | Reached XP level 11. HP: 67/97 MP: 10/10
  9660 | D:10     | Noticed Harold
  9678 | D:10     | Killed Harold
  9678 | D:10     | Received a gift from Okawaru
 10493 | D:10     | Reached skill level 11 in Axes
 10795 | D:11     | Noticed a brown ugly thing
 10806 | D:11     | Killed a brown ugly thing
 10811 | D:11     | Gained mutation: You are surrounded by a mild repulsion field (EV +2). [mutagenic meat]
 10812 | D:11     | Gained mutation: Your muscles are strong. (Str +2) [mutagenic meat]
 11225 | D:11     | HP: 2/97 [something (9)]
 11226 | D:11     | Killed an unseen horror
 11730 | D:11     | Noticed a green ugly thing
 11731 | D:11     | Noticed a death knight
 11743 | D:11     | Killed a green ugly thing
 11769 | D:11     | Killed a death knight
 11878 | D:11     | Gained mutation: You have a pair of large horns on your head. [mutagenic meat]
 11879 | D:11     | Gained mutation: You can translocate small distances at will. [mutagenic meat]
 12015 | D:11     | Noticed a hill giant
 12020 | D:11     | Killed a hill giant
 12020 | D:11     | Reached skill level 10 in Fighting
 12030 | D:11     | Found Nuadulu's General Store.
 12082 | D:11     | Noticed a hill giant
 12084 | D:11     | Noticed Maud
 12089 | D:11     | Killed a hill giant
 12098 | D:11     | Reached ****** piety under Okawaru
 12111 | D:11     | Killed Maud
 12111 | D:11     | Received a gift from Okawaru
 12111 | D:11     | Reached skill level 12 in Axes
 12111 | D:11     | Reached XP level 12. HP: 15/107 MP: 11/11
 12890 | D:11     | Noticed a centaur warrior
 12897 | D:11     | Killed a centaur warrior
 12897 | D:11     | Reached skill level 10 in Armour
 12919 | D:11     | You fall through a shaft for 3 floors!
 12958 | D:14     | Got a slimy dagger
 13065 | D:13     | Noticed a centaur warrior
 13074 | D:13     | Killed a centaur warrior
 13331 | D:12     | Noticed Snorg
 13339 | D:12     | Killed Snorg
 13358 | D:12     | Found Iday's Armour Emporium.
 13413 | D:12     | Noticed a centaur warrior
 13419 | D:12     | Reached skill level 13 in Axes
 13423 | D:12     | Killed a centaur warrior
 13552 | D:12     | Found Iluotil's Armour Emporium.
 13554 | D:12     | Found a staircase to the Orcish Mines.
 13558 | D:12     | Found Unkoseij's Weapon Emporium.
 13787 | D:12     | Bought a +2 pair of boots of stealth for 322 gold pieces
 13821 | D:12     | Noticed a seven-headed hydra
 13828 | D:12     | Killed an eight-headed hydra
 13910 | D:12     | Identified the +8 dagger of Doubt {pierce, Str+4 Int+3} (You found it on level 14 of the Dungeon)
 14219 | D:12     | Received a gift from Okawaru
 14237 | D:12     | Lost mutation: Your muscles are strong. (Str +2) [mutagenic meat]
 14254 | D:12     | Noticed a six-headed hydra
 14263 | D:12     | Killed a six-headed hydra
 14267 | D:12     | Reached XP level 13. HP: 116/116 MP: 12/12
 14294 | D:12     | Reached skill level 1 in Short Blades
 14294 | D:12     | Reached skill level 10 in Dodging
 14970 | D:13     | Noticed Nessos
 14991 | D:13     | Killed Nessos
 15449 | D:13     | Noticed Maurice
 15518 | D:13     | Gained mutation: You possess an exceptional clarity of mind. [mutagenic meat]
 15519 | D:13     | Gained mutation: You tend to lose your temper in combat. [mutagenic meat]
 15521 | D:13     | Lost mutation: You are resistant to hostile enchantments. [mutagenic meat]
 15749 | D:14     | Received a gift from Okawaru
 15763 | D:14     | Got a polished hand axe {god gift}
 15767 | D:14     | Identified the +7 hand axe "Reuxeon" {pain, +Fly rC+ rN++} (Okawaru gifted it to you on level 14 of the Dungeon)
 15851 | D:14     | Noticed Frances
 15867 | D:14     | Killed Frances
 16201 | D:14     | Gained mutation: You often lose your temper in combat. [mutagenic meat]
 16205 | D:14     | Lost mutation: You are surrounded by a mild repulsion field (EV +2). [mutagenic meat]
 16208 | D:14     | Lost mutation: Scrolls take you a little longer to read. [mutagenic meat]
 16209 | D:14     | Gained mutation: You are occasionally teleported next to monsters. [mutagenic meat]
 16210 | D:14     | Gained mutation: Armour fits poorly on your strangely shaped body. [mutagenic meat]
 16249 | D:14     | Received a gift from Okawaru
 16415 | D:14     | Received a gift from Okawaru
 16415 | D:14     | Reached skill level 14 in Axes
 16468 | D:14     | Got a slimy glass ring
 16469 | D:14     | Identified the ring "Gotz" {rCorr rElec rPois MP+9 Str-4 Slay-4} (You found it on level 14 of the Dungeon)
 16516 | D:14     | Reached XP level 14. HP: 127/127 MP: 13/13
 16545 | D:14     | Found a gate to the Vaults.
 16698 | D:14     | Found a basalt altar of Yredelemnul.
 17053 | D:15     | Entered Level 15 of the Dungeon
 17081 | D:15     | Found a shattered altar of Ashenzari.
 17337 | D:15     | Found a deep blue altar of Sif Muna.
 17686 | D:15     | Lost mutation: Armour fits poorly on your strangely shaped body. [mutagenic meat]
 17687 | D:15     | Gained mutation: You are agile. (Dex +2) [mutagenic meat]
 17688 | D:15     | Gained mutation: Your spells are a little easier to cast, but a little less powerful. [mutagenic meat]
 17689 | D:15     | Gained mutation: Your flesh is cold resistant. [mutagenic meat]
 17886 | D:15     | Reached skill level 15 in Axes
 17941 | D:15     | Found a staircase to the Depths.
 18264 | Orc:1    | Entered Level 1 of the Orcish Mines
 18586 | Orc:2    | Entered Level 2 of the Orcish Mines
 18662 | Orc:2    | Found Bais's Antique Weapon Shoppe.
 18662 | Orc:2    | Found Juasez's Antique Armour Emporium.
 18670 | Orc:2    | Received a gift from Okawaru
 18678 | Orc:2    | Found Ziof's Weapon Emporium.
 18695 | Orc:2    | Found Acif's Weapon Shoppe.
 18725 | Orc:2    | Found Fenied's Antique Weapon Shop.
 18958 | Orc:2    | Found a staircase to the Elven Halls.
 19462 | Depths:1 | Entered Level 1 of the Depths
 19500 | Depths:1 | Gained mutation: You have sharp fingernails. [potion of mutation]
 19500 | Depths:1 | Gained mutation: Your spells are easier to cast, but less powerful. [potion of mutation]
 19554 | Depths:1 | Noticed a stone giant
 19575 | Depths:1 | HP: 4/144 [stone giant (18)]
 19576 | Depths:1 | Demolished by a stone giant

Skill      XL: |  1  2  3  4  5  6  7  8  9 10 11 12 13 14 |
---------------+-------------------------------------------+-----
Armour         | 4 5 6 7 8 9 10 11 | 11.9
Fighting       | 4 5 6 7 9 10 11 12 13 | 13.5
Shields        | 4 5 6 8 9 11 12 14 | 14.7
Axes           | 3 4 5 7 9 10 12 13 14 15 | 15.7
Dodging        | 1 2 3 4 5 7 8 9 11 12 | 12.0
Stealth        | 1 2 3 |  3.7
Short Blades   | 3 |  3.1

Action                   |  1- 3 |  4- 6 |  7- 9 | 10-12 | 13-15 || total
-------------------------+-------+-------+-------+-------+-------++-------
Melee: War axe           |    86 |   154 |   447 |   336 |       ||  1023
       Headbutt          |    10 |    17 |    80 |   141 |   220 ||   468
       Broad axe         |       |       |       |   152 |       ||   152
       Dagger            |       |       |       |    58 |   205 ||   263
       Hand axe          |       |       |       |       |   656 ||   656
Evoke: Wand              |       |       |       |       |     1 ||     1
  Use: Scroll            |       |     2 |    15 |     6 |     6 ||    29
       Potion            |       |     5 |     8 |     4 |     3 ||    20
 Stab: Invisible         |       |       |       |     1 |       ||     1
       Sleeping          |       |       |       |       |     9 ||     9
       Petrifying        |       |       |       |       |     1 ||     1
       Petrified         |       |       |       |       |     1 ||     1
  Eat: Bread ration      |     1 |       |       |       |       ||     1
       Chunk             |       |     2 |     8 |    25 |    32 ||    67
       Meat ration       |       |       |     2 |     1 |       ||     3
       Pizza             |       |       |     1 |     1 |     4 ||     6
       Royal jelly       |       |       |       |     2 |     1 ||     3
       Fruit             |       |       |       |     2 |       ||     2
Armor: Scale mail        |    41 |    43 |   119 |   232 |   162 ||   597
       Skin              |       |     6 |       |       |       ||     6
       Quicksilver drago |       |       |       |    24 |   109 ||   133
       Plate armour      |       |       |       |     7 |       ||     7
Dodge: Dodged            |    39 |    37 |   114 |   316 |   336 ||   842
Block: Shield            |    52 |   104 |   334 |   301 |       ||   791
       Reflection        |       |    11 |    14 |    13 |       ||    38
       Buckler           |       |       |       |    47 |   330 ||   377
